 Dungeon Crawl Stone Soup version 0.25.0-46-gbd7b0854d2 (webtiles) character file.

Game seed: 17039850991040390143

727 Ethylacetat the Gusty (level 7, 0/41 HPs)
             Began as an Octopode Air Elementalist on July 15, 2020.
             Slain by an orc wizard
             ... wielding a +0 dagger
              (4 damage)
             ... on level 4 of the Dungeon.
             The game lasted 00:14:58 (3919 turns).

Ethylacetat the Gusty (Octopode Air Elementalist)   Turns: 3919, Time: 00:14:58

Health: 0/41       AC:  1    Str: 19    XL:     7   Next: 72%
Magic:  2/12       EV: 13    Int: 19    God:
Gold:   137        SH:  0    Dex: 13    Spells: 12/13 levels left

rFire    . . .     SeeInvis .   q - +0 dagger (venom)
rCold    . . .     Gourm    .   (no shield)
rNeg     . . .     Faith    .   (helmet restricted)
rPois    .         Spirit   .   (no amulet)
rElec    .         Reflect  .   c - +6 ring of strength
rCorr    .         Harm     .   j - +6 ring of strength
MR       .....                  (no ring)
Stlth    +++.......             (no ring)
HPRegen  0.13/turn              (no ring)
MPRegen  0.13/turn              (no ring)
                                (no ring)
                                (no ring)

@: no status effects
A: almost no armour, stealthy swim, amphibious, 8 rings, constrict 8, camouflage
1, gelatinous body 1
a: no special abilities


You were on level 4 of the Dungeon.
You were hungry.

You visited 1 branch of the dungeon, and saw 4 of its levels.

You collected 137 gold pieces.

Inventory:

Hand Weapons
 k - a +2 short sword of draining
 q - a +0 dagger of venom (weapon)
Missiles
 a - a throwing net (quivered)
Jewellery
 c - a +6 ring of strength (left tentacle)
 j - a +6 ring of strength (right tentacle)
 u - a +6 ring of intelligence {unknown}
Wands
 r - a wand of enslavement (8)
 t - a wand of random effects (17)
Scrolls
 d - 2 scrolls of fear {unknown}
 e - a scroll of teleportation {unknown}
 h - 6 scrolls of remove curse {unknown}
 o - 3 scrolls of identify {unknown}
 p - 2 scrolls of fog {unknown}
 v - a scroll of amnesia {unknown}
Potions
 f - 4 potions of curing {unknown}
 i - a potion of berserk rage {unknown}
 l - 3 potions of flight {unknown}
 m - a potion of resistance {unknown}
 n - a potion of heal wounds {unknown}
 s - a potion of lignification {unknown}
Comestibles
 b - 9 rations
 g - 13 chunks of flesh


   Skills:
 - Level 2.0 Dodging
 - Level 2.6 Stealth
 + Level 3.8 Spellcasting
 * Level 5.2 Conjurations
 * Level 6.0 Air Magic


You had 12 spell levels left.
You knew the following spells:

 Your Spells              Type           Power        Failure   Level  Hunger
a - Shock                 Conj/Air       ####         1%          1    None

Your spell library contained the following spells:

 Spells                   Type           Power        Failure   Level  Hunger
 Static Discharge         Conj/Air       ####....     4%          3    ###....
 Swiftness                Chrm/Air       ###.....     6%          2    ##.....
 Airstrike                Air            ####......   12%         4    ####...
 Lightning Bolt           Conj/Air       ####......   36%         5    ######.


Dungeon Overview and Level Annotations

Branches:
Dungeon (4/15)
 Temple: D:4-7

Altars:
Cheibriados

Shops:
D:4 *


Innate Abilities, Weirdness & Mutations

You cannot wear most types of armour.
You are very stealthy in the water. (Stealth+)
You are amphibious.
You can wear up to eight rings at the same time.
You can use your tentacles to constrict eight enemies at once.
Your skin changes colour to match your surroundings (Stealth+).
Your rubbery body absorbs attacks. (AC +1, EV +1)


Message History

The orc wizard is heavily wounded.
The orc wizard hits you with a +0 dagger!
The orc priest mumbles some strange prayers to Beogh against you.
Beogh smites you!
* * * LOW HITPOINT WARNING * * *
The orc wizard barely misses you.
Items here: )) [[ †† You bump into the rock wall.
The orc priest shouts!
The orc hits you with a +0 flail.
* * * LOW HITPOINT WARNING * * *
The orc wizard barely misses you.
You feel less confused.
The orc wizard looks more healthy.
The orc wizard barely misses you.
You barely miss the orc wizard. Your grab misses the orc wizard.
Your squeeze misses the orc wizard.
The orc wizard is heavily wounded.
The orc misses you.
The orc wizard hits you with a +0 dagger.
You die...

#.###.......∩.# #.#
#....######.### #.#
#.#.### #.# #.# #.##.#
#÷# #.. .)# #.#
#.#######. #.# #.#
#......... ##.####.#
##.######
........######
#.#######
#......o))oo@#
#....≈≈≈#
.....##.####o#
#....≈≈≈# ..a..
#.####.####.....≈≈###
....
.o........##....(≈)'>#
...
.######.#)##.....≈≈###
%.. o. #.#.##(...≈≈≈#
.# #.#)##(....≈≈# ..
#.#.)#(#######
#.#..(.#


You could see 2 orc priests, an orc wizard and an orc.

Vanquished Creatures
  Sigmund (D:3)
  A crimson imp (D:2)
  A hound (D:4)
  2 orc priests (D:3)
  3 orc wizards
  A gnoll shaman (D:4)
  An iguana (D:4)
  Terence (D:3)
  2 worker ants (D:4)
  7 gnolls
  5 adders
  3 worms
  A dart slug (D:2)
  A leopard gecko (D:2)
  14 orcs
  14 bats
  5 giant cockroaches
  11 goblins
  10 hobgoblins
  9 kobolds
  4 quokkas
  A ball python (D:2)
  7 frilled lizards
  7 rats
112 creatures vanquished.

Notes
Turn   | Place    | Note
-------+----------+-------------------------------------------
     0 | D:1      | Ethylacetat the Octopode Air Elementalist began the quest
                  | for the Orb.
     0 | D:1      | Reached XP level 1. HP: 11/11 MP: 3/3
   247 | D:1      | Reached XP level 2. HP: 11/17 MP: 5/5
   830 | D:1      | Reached XP level 3. HP: 21/21 MP: 6/6
  1516 | D:2      | Reached XP level 4. HP: 24/27 MP: 2/7
  1698 | D:2      | Reached skill level 4 in Air Magic
  1787 | D:2      | Reached XP level 5. HP: 23/31 MP: 0/9
  2899 | D:3      | Noticed Sigmund
  2910 | D:3      | Reached XP level 6. HP: 33/36 MP: 7/10
  2917 | D:3      | Killed Sigmund
  2917 | D:3      | Reached skill level 5 in Air Magic
  2925 | D:3      | Noticed Terence
  2954 | D:3      | Killed Terence
  2954 | D:3      | Reached XP level 7. HP: 11/41 MP: 3/12
  3243 | D:3      | Found a snail-covered altar of Cheibriados.
  3635 | D:4      | Found Cycuw's Mayhem Merchandise.
  3877 | D:4      | Reached skill level 5 in Conjurations
  3908 | D:4      | Reached skill level 6 in Air Magic
  3919 | D:4      | Slain by an orc wizard

Illustrated notes

Levels and vault maps discovered:
D:1:      ncdulo_halloftheorcs, layout_loops_ring, hangedman_decor_peaks_small
D:2:      layout_basic, kennysheep_generic_room_3
D:3:      minmay_skewed_foursquare, layout_loops_ring, lemuel_doored_altar,
          chequers_serial_rivers_small_b, uniq_terence, uniq_sigmund
D:4:      layout_loops_ring, first_ration, minmay_shop_mayhem,
          minmay_goblin_outpost, uniq_crazy_yiuf_cottage

Skill      XL: |  1  2  3  4  5  6  7 |
---------------+----------------------+-----
Conjurations   | 2 3 4 5 |  5.2
Air Magic      | 4 5 6 |  6.0
Spellcasting   | 3 |  3.8
Dodging        | |  2.0
Stealth        | |  2.6

Action                   |  1- 3 |  4- 6 |  7- 9 || total
-------------------------+-------+-------+-------++-------
Melee: Dagger            |    65 |    66 |    32 ||   163
       Constrict         |    18 |    17 |     4 ||    39
       Tentacles         |    11 |    16 |     6 ||    33
       Unarmed           |     3 |       |       ||     3
 Cast: Shock             |    10 |    39 |    31 ||    80
 Stab: Sleeping          |     7 |     7 |     3 ||    17
  Eat: Chunk             |     2 |     4 |     3 ||     9
Armor: Skin              |     7 |    11 |       ||    18
Dodge: Dodged            |    43 |    42 |    18 ||   103
